 Dungeon Crawl Stone Soup version 0.28.0-43-g3370ac3207 (webtiles) character file.

Game seed: 17723886805484566846

44 fknight the Poker (level 3, -1/35 HPs)
             Began as a Gnoll Berserker on Mar 6, 2022.
             Was a Believer of Trog.
             Slain by a kobold
             ... wielding a +2 short sword of distortion
              (13 damage)
             ... on level 2 of the Dungeon.
             The game lasted 00:03:02 (1042 turns).

fknight the Poker (Gnoll Berserker)                 Turns: 1042, Time: 00:03:03

Health: -1/35      AC:  6    Str: 18    XL:     3   Next: 62%
Magic:  4/4        EV: 12    Int:  6    God:    Trog [**....]
Gold:   3          SH:  0    Dex: 11    Spells: 3/3 levels left

rFire   . . .      SeeInvis .   a - +0 spear
rCold   . . .      Faith    .   (no shield)
rNeg    . . .      Spirit   .   h - +0 ring mail
rPois   .          Reflect  .   (no helmet)
rElec   .          Harm     .   (no cloak)
rCorr   .          Rampage  .   (no gloves)
Will    .....                   (no boots)
Stlth   +.........              (no amulet)
HPRegen 0.11/turn               (no ring)
MPRegen 0.09/turn               (no ring)

@: no status effects
A: fangs 1, strong nose, distributed training
a: Renounce Religion, Berserk, Trog's Hand


You were on level 2 of the Dungeon.
You worshipped Trog.
Trog was pleased with you.
You visited 1 branch of the dungeon, and saw 2 of its levels.

You collected 3 gold pieces.

Inventory:

Hand Weapons
 a - a +0 spear (weapon)
Missiles
 d - 4 poisoned darts (quivered)
 j - 25 arrows
 l - 22 stones
Armour
 b - a +0 animal skin
 e - a +0 leather armour
 h - a +0 ring mail (worn)
Scrolls
 c - a scroll of identify {unknown}
 f - a scroll of magic mapping {unknown}
 k - a scroll of amnesia {unknown}
Potions
 g - a potion of haste {unknown}
 i - 2 potions of curing {unknown}


   Skills:
 + Level 6.5 Fighting
 + Level 0.9 Short Blades
 + Level 0.9 Long Blades
 + Level 0.9 Axes
 + Level 0.9 Maces & Flails
 + Level 6.5 Polearms
 + Level 0.9 Staves
 + Level 0.9 Slings
 + Level 0.9 Bows
 + Level 0.9 Crossbows
 + Level 0.9 Throwing
 + Level 4.5 Armour
 + Level 4.5 Dodging
 + Level 0.9 Stealth
 + Level 0.9 Shields
 + Level 0.9 Unarmed Combat
 + Level 0.9 Spellcasting
 + Level 0.6 Conjurations
 + Level 0.6 Hexes
 + Level 0.6 Summonings
 + Level 0.6 Necromancy
 + Level 0.6 Translocations
 + Level 0.6 Transmutations
 + Level 0.6 Fire Magic
 + Level 0.6 Ice Magic
 + Level 0.6 Air Magic
 + Level 0.6 Earth Magic
 + Level 0.6 Poison Magic
 + Level 1.0 Invocations
 + Level 0.9 Evocations


You had 3 spell levels left.
You didn't know any spells.
Your spell library was empty.

Dungeon Overview and Level Annotations

Branches:
Dungeon (2/15)

Altars:
Hepliaklqana


Innate Abilities, Weirdness & Mutations

You have very sharp teeth.
Your uncanny sense of smell can sniff out nearby items.
Your experience applies equally to all skills.


Message History

The adder barely misses you.
You hit the adder.
The adder is almost dead.
The gnoll hits you from afar with a +0 spear!
The adder barely misses you.
You are too injured to fight recklessly!
You are too injured to fight recklessly!
You are too injured to fight recklessly!
Unknown command.
You are too injured to fight recklessly!
You are too injured to fight recklessly!
You are too injured to fight recklessly!
You are too injured to fight recklessly!
You hit the adder.
You kill the adder!
Trog accepts your kill.
Your Invocations skill increases to level 1!
Found a short sword and a dagger.
The gnoll hits you but does no damage.
A kobold comes into view. It is wielding a +0 falchion.
A goblin comes into view. It is wielding a +0 club.
Found a scroll labelled TICHYA UMPUTHRO and a knobbly glowing staff.
The gnoll closely misses you.
You see here a +0 dagger.
You hit the gnoll but do no damage.
The gnoll is lightly wounded.
The gnoll barely misses you. The kobold hits you but does no damage.
The kobold barely misses you.
You hit the gnoll. You bite the gnoll, but do no damage.
The gnoll is moderately wounded.
The gnoll closely misses you. The kobold closely misses you.
The kobold hits you but does no damage.
You closely miss the gnoll. Your bite misses the gnoll.
The gnoll is moderately wounded.
The gnoll hits you with a +0 spear.
You barely miss the gnoll. Your bite misses the gnoll.
The gnoll is moderately wounded.
The kobold barely misses you.
The kobold hits you with a +2 short sword of distortion.
Space warps horribly around you!
You die...

.##......##
..##.....#
.##......#
###..#...#.#
........## #
..##.##..#
.##.....# #|
∆)..#..#.##
###.....# #.?
#..#..#.#
####..#
#..##).#...†#
#..#
#...)g.#....##
#..#
#..Kg##.....#
#.|.
###K@.......#
#...........#.#
###....###..#.#
######...##.#
....####.#
##### #.# #.#
.#


You could see a gnoll, a goblin and 2 kobolds.

Vanquished Creatures
  An adder (D:2)
  2 ball pythons
  2 endoplasms
  6 goblins
  5 hobgoblins
  4 jackals (D:1)
  A kobold (D:1)
  3 quokkas (D:1)
  2 bats (D:1)
  2 frilled lizards (D:1)
  2 rats
30 creatures vanquished.

Notes
Turn   | Place    | Note
-------+----------+-------------------------------------------
     0 | D:1      | fknight the Gnoll Berserker began the quest for the Orb.
     0 | D:1      | Reached XP level 1. HP: 23/23 MP: 1/1
   270 | D:1      | Reached XP level 2. HP: 29/29 MP: 2/2
   560 | D:1      | Found a hazy altar of Hepliaklqana.
   586 | D:1      | Reached XP level 3. HP: 35/35 MP: 3/3
   894 | D:2      | Reached ** piety under Trog
  1037 | D:2      | Reached skill level 1 in Invocations
  1042 | D:2      | Slain by a kobold

Illustrated notes

Levels and vault maps discovered:
D:1:      minmay_arrival_stone_box, layout_loops_ring, skrybe_limestone_x,
          kennysheep_flooded_box
D:2:      layout_basic, basic_altar, grunt_ministairs_15,
          minmay_randomly_rotated_circles

Skill      XL: |  1  2  3 |
---------------+----------+-----
Invocations    | 1 |  1.0
Fighting       | |  6.5
Short Blades   | |  0.9
Long Blades    | |  0.9
Axes           | |  0.9
Maces & Flails | |  0.9
Polearms       | |  6.5
Staves         | |  0.9
Slings         | |  0.9
Bows           | |  0.9
Crossbows      | |  0.9
Throwing       | |  0.9
Armour         | |  4.5
Dodging        | |  4.5
Stealth        | |  0.9
Shields        | |  0.9
Unarmed Combat | |  0.9
Spellcasting   | |  0.9
Conjurations   | |  0.6
Hexes          | |  0.6
Summonings     | |  0.6
Necromancy     | |  0.6
Translocations | |  0.6
Transmutations | |  0.6
Fire Magic     | |  0.6
Ice Magic      | |  0.6
Air Magic      | |  0.6
Earth Magic    | |  0.6
Poison Magic   | |  0.6
Evocations     | |  0.9

Action                   || total
-------------------------++-------
Melee: Spear             ||   106
       Bite              ||    10
Armor: Animal skin       ||     1
       Leather armour    ||     4
       Ring mail         ||     8
Dodge: Dodged            ||    41
